 Dungeon Crawl Stone Soup version 0.30-a0-359-gd0147acb1a (webtiles) character file.

Game seed: 6259591953748622844

35 oldriver the Changer (level 3, -1/36 HPs)
             Began as an Ogre Transmuter on Nov 11, 2022.
             Slain by a gnoll
             ... wielding a +0 flail
              (6 damage)
             ... on level 2 of the Dungeon.
             The game lasted 00:02:12 (1253 turns).

oldriver the Changer (Ogre Transmuter)              Turns: 1253, Time: 00:02:12

Health: -1/36      AC:  3    Str: 14    XL:     3   Next: 33%
Magic:  4/6        EV:  9    Int: 16    God:
Gold:   60         SH:  0    Dex:  9    Spells: 3/6 levels left

rFire   . . .      SeeInvis .      - Unarmed
rCold   . . .      Faith    .    (no shield)
rNeg    . . .      Spirit   .    a - +0 robe
rPois   .          Reflect  .    (helmet currently unavailable)
rElec   .          Harm     .    (no cloak)
rCorr   .          Rampage  .    (gloves unavailable)
Will    .....                    (boots unavailable)
Stlth   +.........               (no amulet)
HPRegen 0.26/turn                (no ring)
MPRegen 0.10/turn                (no ring)

@: appendages (expiring), wereblooded
A: horns 2, talons 2, large, unfitting armour, tough skin 1
a: End Transformation


You were on level 2 of the Dungeon.
You had temporarily grown beastly horns and talons.
You visited 1 branch of the dungeon, and saw 2 of its levels.

You collected 60 gold pieces.

Inventory:

Armour
 a - a +0 robe (worn)
Scrolls
 d - 2 scrolls of magic mapping {unknown}
 f - a scroll of identify {unknown}
 g - a scroll of vulnerability {unknown}
 h - a scroll of teleportation {unknown}
Potions
 b - a potion of lignification
 c - a potion of ambrosia {unknown}
 e - a potion of attraction {unknown}
 i - a potion of heal wounds {unknown}


   Skills:
 + Level 2.5 Fighting
 - Level 1.7 Dodging
 - Level 2.6 Unarmed Combat
 - Level 2.4 Spellcasting
 * Level 2.9 Transmutations


You had 3 spell levels left.
You knew the following spells:

 Your Spells              Type           Power      Damage    Failure   Level
a - Beastly Appendage     Tmut           22%        N/A       6%          1
b - Wereblood             Tmut           11%        N/A       9%          2

Your spell library contained the following spells:

 Spells                   Type           Power      Damage    Failure   Level
 Apportation              Tloc           2%         N/A       21%         1
 Necrotise                Necr           4%         1d4       21%         1
 Shock                    Conj/Air       4%         1d3       21%         1
 Summon Small Mammal      Summ           4%         N/A       21%         1
 Spider Form              Tmut/Pois      6%         N/A       32%         3
 Swiftness                Air            1%         N/A       52%         3
 Ice Form                 Ice/Tmut       6%         N/A       71%         4
 Airstrike                Air            0%         2d(1-17)  89%         4


Dungeon Overview and Level Annotations

Branches:
Dungeon (2/15)

Altars:


Innate Abilities, Weirdness & Mutations

You have temporarily grown beastly horns and talons.
You are too large for most types of armour.
You have tough skin. (AC +1)


Message History

You kill the quokka!
There is a stone staircase leading down here.
Magic restored.
Your transformation is almost over.
Your horns disappear.
Your talons disappear.
HP restored.
There is an escape hatch in the floor here.
There is an open door here.
There is an open door here.
There is a stone staircase leading down here.
You climb downwards.
There is a stone staircase leading up here.
d - 2 scrolls labelled UBISAOGILIA (gained 1)
Found a stone staircase leading down.
There is a stone staircase leading down here.
A gnoll is nearby!
A gnoll is nearby!
You grow a pair of large bovine horns.
Your feet morph into talons.
Casting: Beastly Appendage (safe; 6% risk of failure)
Confirm with . or Enter, or press ? or * to list all spells.
Your blood is infused with primal strength.
The gnoll shouts!
You hear a shout!
The gnoll barely misses you. The gnoll hits you with a +0 flail!
You barely miss the gnoll. You headbutt the gnoll!
The gnoll is heavily wounded.
The gnoll hits you with a +0 flail!
You hit the gnoll. You claw the gnoll.
The gnoll is almost dead.
The gnoll hits you with a +0 flail!
You barely miss the gnoll.
The gnoll is almost dead.
The gnoll hits you with a +0 flail!
* * * LOW HITPOINT WARNING * * *
The gnoll shouts!
You hit the gnoll.
The gnoll is almost dead.
Your transformation is almost over.
The gnoll attacks as you move away! The gnoll hits you with a +0 flail.
You die...

#.######.#.#
#..........# .g......
#######.#### #.......
#...# ........ # # #.###
gg........#.# #...#
......###....##### ###.#
...#.....##g..ggg# #...#
#...#....g.#.###@###.###
...).†.....#......##.#.#
....#......###.##>#....#
....#........#.##.####.#
#####...#....#.........#
#####.#.#..###.........#
#.....###..............#
#.......#.#####........#
#.....#.#.## #........#


You could see 4 gnolls.

Vanquished Creatures
  A dart slug (D:1)
  4 ball pythons (D:1)
  An endoplasm (D:1)
  3 goblins (D:1)
  A hobgoblin (D:1)
  3 jackals (D:1)
  5 kobolds
  A quokka (D:1)
  5 bats
  2 frilled lizards (D:1)
  2 rats (D:1)
28 creatures vanquished.

Notes
Turn   | Place    | Note
-------+----------+-------------------------------------------
     0 | D:1      | oldriver the Ogre Transmuter began the quest for the Orb.
     0 | D:1      | Reached XP level 1. HP: 19/19 MP: 3/3
   184 | D:1      | Reached XP level 2. HP: 28/28 MP: 3/5
   348 | D:1      | Learned a level 2 spell: Wereblood
   547 | D:1      | Reached XP level 3. HP: 32/36 MP: 4/6
  1253 | D:2      | Slain by a gnoll

Illustrated notes

Levels and vault maps discovered:
D:1:      dpeg_arrival_connections, layout_loops_ring
D:2:      layout_basic, serial_shops, shop, skrybe_limestone_x

Skill      XL: |  1  2 |
---------------+-------+-----
Transmutations | 2 |  2.9
Fighting       | 2 |  2.5
Dodging        | |  1.7
Unarmed Combat | |  2.6
Spellcasting   | |  2.4

Action                   || total
-------------------------++-------
Melee: Unarmed           ||    99
       Kick              ||    19
       Headbutt          ||     3
       Punch             ||     2
 Cast: Beastly Appendage ||    24
       Wereblood         ||     1
Armor: Robe              ||    42
Dodge: Dodged            ||    60

Table legend: (Time is in decaauts)
 A = Elapsed time spent in this place.
 B = Non-inter-level travel time spent in this place.
 C = Inter-level travel time spent in this place.
 D = Time resting spent in this place.
 E = Time spent auto-exploring this place.
 F = Levels seen in this place.
 G = Mean time per level.
                   A        B        C        D        E       F      G
               +--------+--------+--------+--------+--------+-----+--------+
         Total |   1249 |   1179 |     70 |      0 |    890 |   2 |  624.5 |
       Dungeon |   1249 |   1179 |     70 |      0 |    890 |   2 |  624.5 |
               +--------+--------+--------+--------+--------+-----+--------+

Top non-repeatable levels by time:
     D:1: 1030 daAuts
     D:2: 218 daAuts
